AoeStats
← universal

Baltic

510441728Analyzed
2v2 RM · 17h ago on Oct 1, 2026· 64m 57s· 4 players
Game mode
Random Map
Map size
Medium (4 player)
Population
200
Speed
Normal
Resources
Standard
Victory
Conquest
Starting age
Dark Age
Ending age
Imperial Age
RankedLock teamsTeams togetherTeam positionsShared explorationLock speedFull tech treeHidden civsTurbo modeCheats
Victory
Defeat
🇨🇴 Japanese · Colombia
755
+9
🇨🇴 Sicilians · Colombia
352
+25
🇧🇷 Saxons · Brazil
580
-17
🇺🇸 Romans · United States
578
-17
universal
12:40 Feudal Age
14:47 Horse Collar
14:57 Double-Bit Axe
16:34 Loom
28:52 Gold Mining
28:52 Stone Mining
31:57 Castle Age
32:14 Scale Mail Armor
34:02 Forging
34:07 Chain Mail Armor
36:34 Gold Shaft Mining
36:16 Forging
41:56 Iron Casting
41:44 Bow Saw
41:38 Heavy Plow
48:45 Fletching
51:28 Stone Shaft Mining
57:01 Wheelbarrow
59:03 Imperial Age
59:24 Elite Serjeant
ozzymandias15
0:39 Loom
15:21 Feudal Age
16:44 Wheelbarrow
16:46 Horse Collar
16:54 Double-Bit Axe
23:43 Castle Age
21:58 Gold Mining
23:44 Man-at-Arms
26:24 Forging
28:23 Iron Casting
27:10 Long Swordsman
28:01 Heavy Plow
28:01 Fishing Lines
28:49 Fortified Wall
30:07 Hand Cart
29:50 Town Watch
30:38 Gillnets
31:35 Town Patrol
31:48 Treadmill Crane
32:11 Scale Mail Armor
33:39 Gold Shaft Mining
33:00 Stone Mining
33:15 Squires
33:02 Gambesons
33:04 Arson
33:39 Chain Mail Armor
33:50 Medium Warships
34:41 Bow Saw
34:29 Pikeman
41:22 Imperial Age
42:37 Heavy Warships
41:43 Two-Handed Swordsman
42:45 Champion
44:19 Demolition Ship
46:41 Blast Furnace
46:34 Conscription
45:48 Halberdier
47:53 Hoardings
49:24 Two-Man Saw
49:25 Yasama
51:18 Plate Mail Armor
64:09 Careening
64:11 Clinker Construction
65:33 Kataparuto
INTER6636
0:32 Loom
12:58 Feudal Age
22:28 Castle Age
25:02 Double-Bit Axe
26:42 Horse Collar
33:15 Imperial Age
31:35 Squires
44:05 Scale Barding Armor
44:11 Forging
44:01 Scale Mail Armor
44:03 Padded Archer Armor
43:53 Fletching
50:57 Chain Mail Armor
Guto_X
0:44 Loom
10:59 Feudal Age
12:19 Wheelbarrow
14:05 Fishing Lines
17:33 Double-Bit Axe
18:11 Man-at-Arms
24:52 Castle Age
26:59 Fletching
27:10 Scale Mail Armor
27:18 Scale Barding Armor
26:41 Light Cavalry
27:32 Bloodlines
27:33 Gillnets
28:10 Hand Cart
28:40 Bow Saw
30:01 Padded Archer Armor
29:25 Long Swordsman
32:00 Crossbowman
34:25 Town Watch
34:26 Horse Collar
34:40 Stone Mining
35:36 Chain Mail Armor
40:03 Town Patrol
41:16 Bodkin Arrow
42:23 Gambesons
46:05 Imperial Age
45:50 Murder Holes
47:24 Arbalester
49:57 Two-Handed Swordsman
50:40 Squires
50:01 Pikeman
53:29 Medium Warships
53:40 Gold Mining
54:48 Thumb Ring
55:59 Champion
56:14 Heavy Scorpion
Connection lost

Rejoining the realm…

Still unreachable

The connection could not be restored.

Session expired

The server has moved on; the page needs a fresh start.